 Dungeon Crawl Stone Soup version 0.19-a0-1803-g97ff39f (webtiles) character file.

109 Naow the Chopper (level 4, -8/58 HPs)
             Began as a Minotaur Berserker on Oct 5, 2016.
             Was a Believer of Trog.
             Mangled by Hanibal's ghost (13 damage)
             ... on level 4 of the Dungeon.
             The game lasted 00:02:14 (1915 turns).

Naow the Chopper (Minotaur Berserker)               Turns: 1915, Time: 00:02:14

Health: -8/58      AC:  2    Str: 26    XL:     4   Next: 60%
Magic:  3/3        EV: 12    Int:  5    God:    Trog [**....]
Gold:   95         SH:  0    Dex: 10    Spells: 0 memorised, 3 levels left

rFire  . . .     SeeInvis .     a - +0 hand axe
rCold  . . .     Gourm    .     b - +0 animal skin
rNeg   . . .     Faith    .     (no shield)
rPois  .         Spirit   .     (helmet restricted)
rElec  .         Dismiss  .     (no cloak)
rCorr  .         Reflect  .     (no gloves)
MR     .....     Harm     .     (no boots)
Stlth  ..........               (no amulet)
                                (no ring)
                                (no ring)

@: berserking, very quick
A: retaliatory headbutt, horns 2
a: Berserk, Trog's Hand, Burn Spellbooks, Renounce Religion


You were on level 4 of the Dungeon.
You worshipped Trog.
Trog was pleased with you.
You were not hungry.

You visited 1 branch of the dungeon, and saw 4 of its levels.

You collected 95 gold pieces.

Inventory:

Hand Weapons
 a - a +0 hand axe (weapon)
Armour
 b - a +0 animal skin (worn)
Jewellery
 n - a +2 amulet of reflection {unknown}
Wands
 l - a wand of iceblast (7/15)
Scrolls
 d - a scroll of random uselessness {unknown}
 e - 2 scrolls of teleportation {unknown}
 i - 2 scrolls of noise {unknown}
 j - 2 scrolls of identify {unknown}
 k - 3 scrolls of enchant weapon {unknown}
 o - a scroll of fear {unknown}
 q - 2 scrolls of recharging {unknown}
 r - 2 scrolls of amnesia {unknown}
 s - a scroll of fog {unknown}
 u - a scroll of remove curse {unknown}
Potions
 f - a potion of agility {unknown}
 h - a potion of brilliance {unknown}
 m - a potion of invisibility {unknown}
 p - a potion of lignification {unknown}
Comestibles
 c - 2 bread rations
 g - 2 beef jerkies
 t - 2 chunks of flesh


   Skills:
 - Level 3.6 Fighting
 + Level 6.5 Axes
 - Level 2.4 Armour
 - Level 2.1 Dodging


You had 3 spell levels left.
You didn't know any spells.

Dungeon Overview and Level Annotations

Branches:
Dungeon (3/15)

Altars:
Fedhas
Kikubaaqudgha
Qazlal
Zin

Annotations:
D:4 Grinder; Hanibal's ghost, amateur HOMo


Innate Abilities, Weirdness & Mutations

You reflexively headbutt those who attack you in melee.
You have a pair of horns on your head.


Message History

Hanibal's ghost barely misses you. The quokka barely misses you.
You closely miss Hanibal's ghost.
Hanibal's ghost is severely damaged.
You slash Grinder! You hit the quokka.
You kill the quokka!
Trog accepts your kill. Grinder hits you!
You writhe in agony.
* * * LOW HITPOINT WARNING * * *
Hanibal's ghost hits you!
* * * LOW HITPOINT WARNING * * *
You closely miss Hanibal's ghost.
Hanibal's ghost is severely damaged.
You hit Grinder. Grinder gestures at you. You resist with significant effort.
Unknown command.
You slash Hanibal's ghost! Your headbutt misses Hanibal's ghost.
Hanibal's ghost is almost destroyed.
You hit Grinder. Hanibal's ghost hits you!
You die...

.. ##..# #.##.<.
....#. #.... ....
..## ..#
.....##W#####..
..........5@.......
.....######†#####..
....#####..####...
.........[.......
#...).....#.....
#...........##..
#.........###
#.........#
#####...#####


You could see Grinder and Hanibal's ghost.

Vanquished Creatures
  3 adders
  2 oozes
  A worm (D:3)
  2 dart slugs
  2 leopard geckos
  8 orcs (D:3)
  A ball python (D:3)
  5 giant cockroaches
  8 goblins
  2 hobgoblins (D:1)
  2 jackals (D:3)
  3 kobolds
  A quokka (D:4)
  6 bats
  4 frilled lizards
  4 rats
54 creatures vanquished.

Notes
Turn   | Place    | Note
-------+----------+-------------------------------------------
     0 | D:1      | Naow the Minotaur Berserker began the quest for the Orb.
     0 | D:1      | Reached XP level 1. HP: 19/19 MP: 0/0
    51 | D:1      | Reached skill level 4 in Axes
   157 | D:1      | Reached XP level 2. HP: 22/26 MP: 1/1
   393 | D:1      | Reached skill level 5 in Axes
   511 | D:2      | Reached XP level 3. HP: 28/31 MP: 2/2
   559 | D:2      | Found a glowing silver altar of Zin.
   621 | D:2      | Reached ** piety under Trog
   710 | D:2      | Found a blossoming altar of Fedhas.
   710 | D:2      | Found an ancient bone altar of Kikubaaqudgha.
   710 | D:2      | Found a stormy altar of Qazlal.
   966 | D:3      | Reached XP level 4. HP: 38/39 MP: 3/3
  1077 | D:3      | Reached skill level 6 in Axes
  1885 | D:3      | You fall through a shaft!
  1898 | D:4      | Noticed Grinder
  1898 | D:4      | Paralysed by Grinder for 4 turns
  1901 | D:4      | Noticed Hanibal's ghost (amateur HOMo)
  1915 | D:4      | Mangled by Hanibal's ghost

Vault maps used:
D:1:      mrwooster_arrival_statue, minmay_misc_feat_doors, minivault_23
D:2:      lemuel_crystal_altar, gammafunk_temple_overflow_claw
D:3:      cheibriados_altar_wand_db
D:4:      gup_sewer_entry_bowl, first_bread, uniq_grinder, uniq_menkaure

Skill      XL: |  1  2  3  4 |
---------------+-------------+-----
Axes           | 4 5 6 |  6.5
Fighting       | |  3.6
Armour         | |  2.4
Dodging        | |  2.1

Action                   |  1- 3 |  4- 6 || total
-------------------------+-------+-------++-------
Melee: Hand axe          |    74 |    42 ||   116
       Headbutt          |    10 |     4 ||    14
Invok: Berserk           |     1 |     1 ||     2
 Stab: Sleeping          |     2 |       ||     2
  Eat: Chunk             |       |     4 ||     4
Armor: Animal skin       |    15 |     3 ||    18
Dodge: Dodged            |    72 |    14 ||    86
